Sabres vs Flyers

Created - January-09-13 at 17:03

Goals
1 2 3 T
Sabres 0 2 0 2
Flyers 2 1 1 4
Shots
1 2 3 T
Sabres 4 12 5 21
Flyers 8 5 3 16

1st period

1. Flyers , Philip Larsen 5 (Kyle Okposo, Marc-Andre Bergeron) at 15:47 (PP)
2. Flyers , Kyle Okposo 13 (Chris Pronger, Steve Sullivan) at 17:11

Penalties :
Nikolai Kulemin (PHI) for High sticking (Minor) at 1:09, Ladislav Smid (BUF) for Holding (Minor) at 7:30, Tuomo Ruutu (BUF) for Holding (Minor) at 14:25

2nd period

3. Sabres , David Backes 10 (Chris Butler, Trevor Daley) at 1:26 (PP)
4. Sabres , Dan Cleary 6 (Mike Richards, Ladislav Smid) at 6:03
5. Flyers , Kyle Okposo 14 (Steve Sullivan, Nikolai Kulemin) at 10:01

Penalties :
Luke Schenn (PHI) for Roughing (Minor) at 0:16, Nikolai Kulemin (PHI) for Tripping (Minor) at 1:33, Kyle Brodziak (PHI) for Interference (Minor) at 17:04

3rd period

6. Flyers , Kevin Bieksa 7 (Marc-Andre Bergeron) at 19:34 (Empty Net)

Penalties :
Tuomo Ruutu (BUF) for Roughing (Minor) at 2:57

Goalie Stats

Peter Budaj (BUF), 12 saves from 15 shots - (0.800), L, 3-1-0, 59:11 minutes
Devan Dubnyk (PHI), 19 saves from 21 shots - (0.905), W, 16-13-2, 60:00 minutes

Players Stats for Sabres

Player Name              G  A  P  +/- PIM S  H  SB GA TA FO     MP     PP MP  PK MP  
------------------------------------------------------------------------------------
Andrej Sekera            0  0  0   0  0   0  0  1  0  0  0/0     7:30   0:00   2:01 
Chris Butler             0  1  1   0  0   1  2  0  0  0  0/0     9:12   3:43   0:00 
Christian Ehrhoff        0  0  0   0  0   2  1  0  0  0  0/0    21:22   3:24   0:00 
Dan Cleary               1  0  1   1  0   2  1  0  0  0  1/2    13:47   0:00   0:22 
Daniel Briere            0  0  0  -1  0   2  0  0  0  0  13/23  21:46   3:17   0:06 
David Backes             1  0  1  -2  0   3  5  0  0  0  16/25  21:22   3:50   1:47 
Devin Setoguchi          0  0  0  -1  0   1  0  0  0  0  0/0    19:38   3:50   0:32 
Karl Alzner              0  0  0  -1  0   0  1  0  0  0  0/0    17:08   0:00   1:49 
Ladislav Smid            0  1  1   1  2   0  2  0  0  0  0/0    19:00   0:00   1:32 
Martin Hanzal            0  0  0   1  0   0  2  0  0  0  7/12   13:15   0:00   1:47 
Mike Richards            0  1  1   1  0   1  0  0  0  0  2/6    16:52   0:00   3:27 
Nick Schultz             0  0  0  -1  0   0  1  0  0  0  0/0     8:47   0:00   0:00 
Patrick Kaleta           0  0  0   0  0   0  0  0  0  0  0/0     2:48   0:51   0:00 
T.J. Oshie               0  0  0  -2  0   2  1  1  0  0  0/1    21:41   3:17   2:39 
Thomas Vanek             0  0  0  -2  0   2  0  0  0  0  0/0    22:09   3:17   0:00 
Trevor Daley             0  1  1  -1  0   3  2  0  0  0  0/0    21:29   3:43   2:27 
Tuomo Ruutu              0  0  0  -1  4   2  2  0  0  0  1/1    21:20   2:59   0:00 
Tyler Myers              0  0  0  -2  0   0  2  1  0  0  0/0    15:31   3:24   2:51 

Players Stats for Flyers

Player Name              G  A  P  +/- PIM S  H  SB GA TA FO     MP     PP MP  PK MP  
------------------------------------------------------------------------------------
Andreas Lilja            0  0  0   1  0   0  2  0  0  0  0/0    13:27   0:00   0:34 
Brian Lee                0  0  0   0  0   1  0  0  0  0  0/0    17:13   0:00   0:00 
Chris Pronger            0  1  1   1  0   1  0  2  0  0  0/0    23:07   2:46   2:54 
David Steckel            0  0  0   0  0   2  2  0  0  0  2/10   13:24   2:25   0:00 
Gabriel Bourque          0  0  0   0  0   2  1  0  0  0  0/1     8:08   0:00   0:30 
Jack Skille              0  0  0   0  0   0  0  0  0  0  0/0    10:59   0:00   0:00 
John Madden              0  0  0   0  0   0  0  0  0  0  6/12    9:27   0:00   1:49 
Justin Williams          0  0  0  -1  0   0  1  0  0  0  1/1    17:31   2:25   0:00 
Kevin Bieksa             1  0  1   1  0   1  4  5  0  0  0/0    24:14   2:46   3:46 
Kyle Brodziak            0  0  0   0  2   0  1  0  0  0  15/29  21:38   2:55   3:09 
Kyle Okposo              2  1  3   2  0   4  0  0  0  0  4/11   18:25   2:55   2:09 
Luke Schenn              0  0  0   0  2   1  1  1  0  0  0/0    22:18   2:34   3:21 
Marc-Andre Bergeron      0  2  2   0  0   1  1  0  0  0  1/2    22:58   2:55   4:28 
Mike Santorelli          0  0  0   0  0   0  0  0  0  0  0/1     7:38   0:00   0:00 
Niklas Hagman            0  0  0   0  0   0  0  0  0  0  1/1    10:59   0:00   0:00 
Nikolai Kulemin          0  1  1   2  4   2  2  1  0  0  0/1    15:44   2:25   0:00 
Philip Larsen            1  0  1   1  0   1  1  1  0  0  0/0    19:40   2:34   3:39 
Steve Sullivan           0  2  2   3  0   0  2  0  0  0  0/1    15:59   0:00   2:09 

3 Stars

1 - Kyle Okposo (PHI)
2 - Steve Sullivan (PHI)
3 - Kevin Bieksa (PHI)

Power Play

Sabres - 1 on 4 Attempt(s) - 25.00%
Flyers - 1 on 3 Attempt(s) - 33.33%

Penalty Kill

Sabres - 2 on 3 Attempt(s) - 66.67% - Score 0 goal in Penalty Kill
Flyers - 3 on 4 Attempt(s) - 75.00% - Score 0 goal in Penalty Kill

Official

Referees : Marc Joannette and Mark Lemelin
Linesman : Jonny Murray and Brian Mach

Game Notes

Kevin Bieksa has scored in a empty net!

Finance

Level 1 -- Attendance: 2630 (40.46%) -- Ticket Income $657,500
Level 2 -- Attendance: 1571 (31.42%) -- Ticket Income $391,179
Level 3 -- Attendance: 898 (25.66%) -- Ticket Income $179,600
Level 4 -- Attendance: 580 (16.40%) -- Ticket Income $115,420
Luxury Box -- Attendance: 480 (48.00%) -- Ticket Income $216,000
Game was played at the Wells Fargo Center
Total Attendance: 6159 (31.52%)
Total Ticket Income: $1,559,699
Other Income: $233,955
Total Income: $1,793,654


% Time on Ice - Sabres

Lines # - Real PCT - Wanted PCT - Time Play
Normal Forward
1 - 39% - 40% - 18:23
2 - 32% - 30% - 15:16
3 - 24% - 25% - 11:28
4 - 4% - 5% - 1:57
Normal Defense
1 - 37% - 40% - 17:29
2 - 33% - 30% - 15:19
3 - 19% - 20% - 8:47
4 - 12% - 10% - 5:29
PP Forward
1 - 46% - 60% - 3:17
2 - 54% - 40% - 3:50
PP Defense
1 - 48% - 60% - 3:24
2 - 52% - 40% - 3:43
PK Forward
1 - 67% - 60% - 3:33
2 - 33% - 40% - 1:47
PK Defense
1 - 47% - 60% - 2:29
2 - 53% - 40% - 2:51
PK3 Forward
1 - 0% - 60%
2 - 0% - 40%
PK3 Defense
1 - 0% - 60%
2 - 0% - 40%
44 Forward
1 - 0% - 60%
2 - 0% - 40%
44 Defense
1 - 0% - 60%
2 - 0% - 40%
Last Minute Offensive  - 0:29
Last Minute Defensive  - 0:00
Total
Forward - 60:00
Defense - 60:00

% Time on Ice - Flyers

Lines # - Real PCT - Wanted PCT - Time Play
Normal Forward
1 - 32% - 40% - 15:06
2 - 28% - 35% - 13:21
3 - 23% - 15% - 10:59
4 - 16% - 10% - 7:38
Normal Defense
1 - 35% - 45% - 16:24
2 - 37% - 40% - 17:13
3 - 27% - 15% - 12:53
4 - 1% - 0% - 0:34
PP Forward
1 - 55% - 60% - 2:55
2 - 45% - 40% - 2:25
PP Defense
1 - 52% - 67% - 2:46
2 - 48% - 33% - 2:34
PK Forward
1 - 70% - 60% - 4:58
2 - 30% - 40% - 2:09
PK Defense
1 - 49% - 60% - 3:28
2 - 51% - 40% - 3:39
PK3 Forward
1 - 0% - 60%
2 - 0% - 40%
PK3 Defense
1 - 0% - 60%
2 - 0% - 40%
44 Forward
1 - 0% - 60%
2 - 0% - 40%
44 Defense
1 - 0% - 60%
2 - 0% - 40%
Last Minute Offensive  - 0:00
Last Minute Defensive  - 0:29
Total
Forward - 60:00
Defense - 60:00

Play by Play

1st period


0:01 of 1st period - Daniel Briere wins face-off versus Kyle Brodziak in neutral zone.
0:53 of 1st period - Christian Ehrhoff is hit by Kevin Bieksa and loses puck.
1:06 of 1st period - David Backes is hit by Steve Sullivan.
1:09 of 1st period - Minor Penalty to Nikolai Kulemin for High sticking.
1:10 of 1st period - Kyle Brodziak wins face-off versus David Backes in Flyers zone.
1:10 of 1st period - Kyle Brodziak is hit by David Backes.
2:12 of 1st period - Tyler Myers is hit by Steve Sullivan and loses puck.
2:54 of 1st period - Shot by Chris Butler.
2:54 of 1st period - Stopped by Devan Dubnyk with a rebound.
2:56 of 1st period - Shot by Trevor Daley.
2:56 of 1st period - Shot Misses the Net.
2:58 of 1st period - Shot by Trevor Daley.
2:58 of 1st period - Stopped by Devan Dubnyk with a rebound.
4:06 of 1st period - Shot by Daniel Briere.
4:06 of 1st period - Shot Blocked by Kevin Bieksa.
4:21 of 1st period - Off-side.
4:22 of 1st period - David Backes wins face-off versus Kyle Okposo in neutral zone.
4:33 of 1st period - Philip Larsen is hit by David Backes and loses puck.
5:11 of 1st period - Icing by Andrej Sekera.
5:12 of 1st period - Kyle Brodziak wins face-off versus Mike Richards in Sabres zone.
5:12 of 1st period - Chris Pronger is hit by Chris Butler.
5:24 of 1st period - Icing by Justin Williams.
5:25 of 1st period - Daniel Briere wins face-off versus Kyle Brodziak in Flyers zone.
5:36 of 1st period - Shot by Marc-Andre Bergeron.
5:36 of 1st period - Stopped by Peter Budaj without a rebound.
5:37 of 1st period - John Madden wins face-off versus Martin Hanzal in Sabres zone.
5:49 of 1st period - Gabriel Bourque is hit by Tyler Myers and loses puck.
5:55 of 1st period - John Madden is hit by Tyler Myers and loses puck.
6:02 of 1st period - Shot by Gabriel Bourque.
6:02 of 1st period - Stopped by Peter Budaj without a rebound.
6:03 of 1st period - Kyle Brodziak wins face-off versus David Backes in Sabres zone.
6:09 of 1st period - Icing by Trevor Daley.
6:10 of 1st period - David Backes wins face-off versus Kyle Brodziak in Sabres zone.
6:12 of 1st period - T.J. Oshie is hit by Marc-Andre Bergeron.
6:22 of 1st period - Shot by David Backes.
6:22 of 1st period - Shot Blocked by Kevin Bieksa.
6:52 of 1st period - Shot by T.J. Oshie.
6:52 of 1st period - Stopped by Devan Dubnyk without a rebound.
6:53 of 1st period - Kyle Okposo wins face-off versus Daniel Briere in Flyers zone.
7:04 of 1st period - Steve Sullivan is hit by Christian Ehrhoff and loses puck.
7:30 of 1st period - Minor Penalty to Ladislav Smid for Holding.
7:31 of 1st period - Kyle Brodziak wins face-off versus Mike Richards in Sabres zone.
7:42 of 1st period - Shot by Kevin Bieksa.
7:42 of 1st period - Shot Misses the Net.
8:18 of 1st period - Shot by Luke Schenn.
8:18 of 1st period - Stopped by Peter Budaj with a rebound.
8:20 of 1st period - Shot by David Steckel.
8:20 of 1st period - Stopped by Peter Budaj without a rebound.
8:21 of 1st period - Martin Hanzal wins face-off versus David Steckel in Sabres zone.
9:23 of 1st period - Shot by Tyler Myers.
9:23 of 1st period - Shot Blocked by Kevin Bieksa.
9:58 of 1st period - Icing by Brian Lee.
9:59 of 1st period - John Madden wins face-off versus Martin Hanzal in Flyers zone.
10:45 of 1st period - Off-side.
10:46 of 1st period - David Backes wins face-off versus Kyle Brodziak in neutral zone.
10:50 of 1st period - Karl Alzner is hit by Andreas Lilja and loses puck.
10:58 of 1st period - Icing by Kyle Brodziak.
10:59 of 1st period - Kyle Brodziak wins face-off versus Daniel Briere in Flyers zone.
11:11 of 1st period - Justin Williams is hit by Ladislav Smid and loses puck.
12:09 of 1st period - David Backes is hit by Luke Schenn and loses puck.
12:15 of 1st period - Off-side.
12:16 of 1st period - Martin Hanzal wins face-off versus David Steckel in neutral zone.
12:19 of 1st period - Brian Lee is hit by Dan Cleary and loses puck.
13:29 of 1st period - Kyle Okposo is hit by Trevor Daley and loses puck.
13:54 of 1st period - Shot by Kyle Okposo.
13:54 of 1st period - Stopped by Peter Budaj without a rebound.
13:55 of 1st period - Justin Williams wins face-off versus Daniel Briere in Sabres zone.
13:56 of 1st period - Shot by Kyle Brodziak.
13:56 of 1st period - Shot Misses the Net.
14:25 of 1st period - Minor Penalty to Tuomo Ruutu for Holding.
14:26 of 1st period - Mike Richards wins face-off versus David Steckel in Sabres zone.
15:11 of 1st period - Icing by Kyle Okposo.
15:12 of 1st period - Kyle Brodziak wins face-off versus Martin Hanzal in Flyers zone.
15:12 of 1st period - Kyle Brodziak is hit by Martin Hanzal.
15:45 of 1st period - Shot by Kyle Okposo.
15:45 of 1st period - Stopped by Peter Budaj with a rebound.
15:47 of 1st period - Shot by Philip Larsen.
15:47 of 1st period - Goal by Philip Larsen - Sabres : 0 - Flyers : 1.
15:48 of 1st period - Tuomo Ruutu wins face-off versus John Madden in neutral zone.
15:57 of 1st period - Icing by John Madden.
15:58 of 1st period - Daniel Briere wins face-off versus John Madden in Flyers zone.
17:11 of 1st period - Shot by Kyle Okposo.
17:11 of 1st period - Goal by Kyle Okposo - Sabres : 0 - Flyers : 2.
17:12 of 1st period - Marc-Andre Bergeron wins face-off versus Martin Hanzal in neutral zone.
18:33 of 1st period - Shot by David Backes.
18:33 of 1st period - Stopped by Devan Dubnyk with a rebound.
18:35 of 1st period - Shot by David Backes.
18:35 of 1st period - Shot Misses the Net.
19:03 of 1st period - Christian Ehrhoff is hit by Nikolai Kulemin and loses puck.

2nd period


0:01 of 2nd period - Kyle Brodziak wins face-off versus Daniel Briere in neutral zone.
0:01 of 2nd period - Chris Pronger is hit by Tuomo Ruutu.
0:16 of 2nd period - Minor Penalty to Luke Schenn for Roughing.
0:17 of 2nd period - Kyle Brodziak wins face-off versus Daniel Briere in Flyers zone.
0:17 of 2nd period - Kyle Brodziak is hit by T.J. Oshie.
0:24 of 2nd period - Icing by Tyler Myers.
0:25 of 2nd period - Daniel Briere wins face-off versus Kyle Brodziak in Sabres zone.
0:45 of 2nd period - Off-side.
0:46 of 2nd period - David Backes wins face-off versus Kyle Brodziak in neutral zone.
1:26 of 2nd period - Shot by David Backes.
1:26 of 2nd period - Goal by David Backes - Sabres : 1 - Flyers : 2.
1:27 of 2nd period - Kyle Okposo wins face-off versus Martin Hanzal in neutral zone.
1:33 of 2nd period - Minor Penalty to Nikolai Kulemin for Tripping.
1:34 of 2nd period - Daniel Briere wins face-off versus Kyle Okposo in Flyers zone.
1:54 of 2nd period - Shot by Tyler Myers.
1:54 of 2nd period - Shot Blocked by Chris Pronger.
1:56 of 2nd period - Shot by Daniel Briere.
1:56 of 2nd period - Stopped by Devan Dubnyk without a rebound.
1:57 of 2nd period - David Backes wins face-off versus Kyle Brodziak in Flyers zone.
1:58 of 2nd period - Shot by Trevor Daley.
1:58 of 2nd period - Shot Blocked by Philip Larsen.
2:00 of 2nd period - Shot by Tuomo Ruutu.
2:00 of 2nd period - Deflect By David Backes.
2:00 of 2nd period - Shot Misses the Net.
2:02 of 2nd period - Shot by Trevor Daley.
2:02 of 2nd period - Shot Misses the Net.
2:08 of 2nd period - Shot by Chris Butler.
2:08 of 2nd period - Deflect By Tuomo Ruutu.
2:08 of 2nd period - Stopped by Devan Dubnyk without a rebound.
2:09 of 2nd period - Daniel Briere wins face-off versus Kyle Okposo in Flyers zone.
2:13 of 2nd period - Daniel Briere is hit by Kevin Bieksa and loses puck.
2:30 of 2nd period - Shot by Tyler Myers.
2:30 of 2nd period - Shot Blocked by Luke Schenn.
2:46 of 2nd period - Shot by Christian Ehrhoff.
2:46 of 2nd period - Stopped by Devan Dubnyk without a rebound.
2:47 of 2nd period - David Backes wins face-off versus Kyle Brodziak in Flyers zone.
2:50 of 2nd period - Shot by Trevor Daley.
2:50 of 2nd period - Shot Hit the Post.
3:03 of 2nd period - Icing by Chris Butler.
3:04 of 2nd period - Kyle Brodziak wins face-off versus David Backes in Sabres zone.
3:28 of 2nd period - Shot by Tuomo Ruutu.
3:28 of 2nd period - Shot Misses the Net.
3:44 of 2nd period - Kevin Bieksa is hit by Martin Hanzal and loses puck.
4:07 of 2nd period - Ladislav Smid is hit by David Steckel and loses puck.
4:23 of 2nd period - Icing by Kevin Bieksa.
4:24 of 2nd period - David Backes wins face-off versus David Steckel in Flyers zone.
4:37 of 2nd period - Shot by T.J. Oshie.
4:37 of 2nd period - Shot Misses the Net.
5:41 of 2nd period - Shot by Thomas Vanek.
5:41 of 2nd period - Stopped by Devan Dubnyk without a rebound.
5:42 of 2nd period - Martin Hanzal wins face-off versus Kyle Brodziak in Flyers zone.
5:55 of 2nd period - Shot by Mike Richards.
5:55 of 2nd period - Shot Misses the Net.
6:01 of 2nd period - Shot by Mike Richards.
6:01 of 2nd period - Shot Misses the Net.
6:03 of 2nd period - Shot by Dan Cleary.
6:03 of 2nd period - Goal by Dan Cleary - Sabres : 2 - Flyers : 2.
6:04 of 2nd period - Kyle Okposo wins face-off versus Daniel Briere in neutral zone.
6:12 of 2nd period - Shot by Nikolai Kulemin.
6:12 of 2nd period - Stopped by Peter Budaj without a rebound.
6:13 of 2nd period - David Backes wins face-off versus Kyle Okposo in Sabres zone.
6:18 of 2nd period - Chris Pronger is hit by David Backes and loses puck.
6:41 of 2nd period - Shot by T.J. Oshie.
6:41 of 2nd period - Stopped by Devan Dubnyk without a rebound.
6:42 of 2nd period - Daniel Briere wins face-off versus Kyle Brodziak in Flyers zone.
7:19 of 2nd period - Marc-Andre Bergeron is hit by Karl Alzner and loses puck.
8:07 of 2nd period - Icing by Ladislav Smid.
8:08 of 2nd period - John Madden wins face-off versus David Backes in Sabres zone.
8:20 of 2nd period - Icing by Ladislav Smid.
8:21 of 2nd period - David Backes wins face-off versus David Steckel in Sabres zone.
8:21 of 2nd period - David Backes is hit by David Steckel.
8:29 of 2nd period - Shot by David Backes.
8:29 of 2nd period - Stopped by Devan Dubnyk with a rebound.
8:47 of 2nd period - Shot by Brian Lee.
8:47 of 2nd period - Stopped by Peter Budaj with a rebound.
9:04 of 2nd period - Icing by T.J. Oshie.
9:05 of 2nd period - David Backes wins face-off versus Kyle Brodziak in Sabres zone.
9:05 of 2nd period - David Backes is hit by Kyle Brodziak.
9:44 of 2nd period - Marc-Andre Bergeron is hit by Trevor Daley and loses puck.
9:59 of 2nd period - Shot by Steve Sullivan.
9:59 of 2nd period - Shot Misses the Net.
10:01 of 2nd period - Shot by Kyle Okposo.
10:01 of 2nd period - Goal by Kyle Okposo - Sabres : 2 - Flyers : 3.
10:02 of 2nd period - Dan Cleary wins face-off versus Kyle Okposo in neutral zone.
10:06 of 2nd period - Mike Richards is hit by Andreas Lilja and loses puck.
11:07 of 2nd period - Shot by Andrej Sekera.
11:07 of 2nd period - Shot Blocked by Kevin Bieksa.
11:49 of 2nd period - Shot by Kyle Brodziak.
11:49 of 2nd period - Shot Blocked by Andrej Sekera.
12:41 of 2nd period - Shot by Niklas Hagman.
12:41 of 2nd period - Shot Misses the Net.
12:43 of 2nd period - Shot by David Steckel.
12:43 of 2nd period - Stopped by Peter Budaj without a rebound.
12:44 of 2nd period - David Backes wins face-off versus Nikolai Kulemin in Sabres zone.
13:16 of 2nd period - Ladislav Smid is hit by Nikolai Kulemin and loses puck.
15:13 of 2nd period - Nick Schultz is hit by Justin Williams and loses puck.
15:23 of 2nd period - Off-side.
15:24 of 2nd period - John Madden wins face-off versus Mike Richards in neutral zone.
16:06 of 2nd period - Icing by Ladislav Smid.
16:07 of 2nd period - Kyle Okposo wins face-off versus Mike Richards in Sabres zone.
16:24 of 2nd period - Shot by Nikolai Kulemin.
16:24 of 2nd period - Stopped by Peter Budaj without a rebound.
16:25 of 2nd period - Daniel Briere wins face-off versus Kyle Brodziak in Sabres zone.
16:33 of 2nd period - Icing by Daniel Briere.
16:34 of 2nd period - Daniel Briere wins face-off versus Kyle Brodziak in Sabres zone.
17:04 of 2nd period - Minor Penalty to Kyle Brodziak for Interference.
17:05 of 2nd period - John Madden wins face-off versus David Backes in Flyers zone.
17:36 of 2nd period - Shot by Tuomo Ruutu.
17:36 of 2nd period - Stopped by Devan Dubnyk without a rebound.
17:37 of 2nd period - Daniel Briere wins face-off versus John Madden in Flyers zone.
17:48 of 2nd period - Shot by Trevor Daley.
17:48 of 2nd period - Stopped by Devan Dubnyk without a rebound.
17:49 of 2nd period - Daniel Briere wins face-off versus John Madden in Flyers zone.
17:49 of 2nd period - Daniel Briere is hit by Kevin Bieksa.
17:57 of 2nd period - Shot by Thomas Vanek.
17:57 of 2nd period - Shot Blocked by Chris Pronger.
17:59 of 2nd period - Shot by Chris Butler.
17:59 of 2nd period - Shot Misses the Net.
18:01 of 2nd period - Shot by Trevor Daley.
18:01 of 2nd period - Stopped by Devan Dubnyk without a rebound.
18:02 of 2nd period - Daniel Briere wins face-off versus John Madden in Flyers zone.
18:09 of 2nd period - Shot by Christian Ehrhoff.
18:09 of 2nd period - Shot Misses the Net.
18:17 of 2nd period - Shot by Christian Ehrhoff.
18:17 of 2nd period - Stopped by Devan Dubnyk with a rebound.
19:42 of 2nd period - Icing by Brian Lee.
19:43 of 2nd period - David Steckel wins face-off versus David Backes in Flyers zone.

3rd period


0:01 of 3rd period - Kyle Brodziak wins face-off versus Daniel Briere in neutral zone.
0:43 of 3rd period - Off-side.
0:44 of 3rd period - David Backes wins face-off versus Kyle Okposo in neutral zone.
0:48 of 3rd period - Shot by David Backes.
0:48 of 3rd period - Shot Misses the Net.
0:56 of 3rd period - Nikolai Kulemin is hit by David Backes and loses puck.
1:15 of 3rd period - Nikolai Kulemin is hit by David Backes and loses puck.
2:09 of 3rd period - Icing by Trevor Daley.
2:10 of 3rd period - Kyle Brodziak wins face-off versus David Backes in Sabres zone.
2:47 of 3rd period - Luke Schenn is hit by Tuomo Ruutu and loses puck.
2:57 of 3rd period - Minor Penalty to Tuomo Ruutu for Roughing.
2:58 of 3rd period - David Steckel wins face-off versus Dan Cleary in Sabres zone.
3:11 of 3rd period - Shot by Kevin Bieksa.
3:11 of 3rd period - Shot Blocked by Tyler Myers.
3:13 of 3rd period - Shot by Kevin Bieksa.
3:13 of 3rd period - Deflect By Justin Williams.
3:13 of 3rd period - Shot Misses the Net.
3:15 of 3rd period - Shot by Chris Pronger.
3:15 of 3rd period - Stopped by Peter Budaj without a rebound.
3:16 of 3rd period - Mike Richards wins face-off versus Marc-Andre Bergeron in Sabres zone.
3:45 of 3rd period - Shot by Kyle Brodziak.
3:45 of 3rd period - Shot Misses the Net.
6:07 of 3rd period - David Steckel is hit by Chris Butler.
6:49 of 3rd period - Shot by Karl Alzner.
6:49 of 3rd period - Shot Blocked by Nikolai Kulemin.
6:59 of 3rd period - Shot by David Backes.
6:59 of 3rd period - Shot Misses the Net.
8:23 of 3rd period - Shot by Mike Richards.
8:23 of 3rd period - Stopped by Devan Dubnyk without a rebound.
8:24 of 3rd period - David Backes wins face-off versus David Steckel in Flyers zone.
9:52 of 3rd period - Martin Hanzal is hit by Philip Larsen and loses puck.
10:12 of 3rd period - Icing by Andreas Lilja.
10:13 of 3rd period - Kyle Brodziak wins face-off versus Daniel Briere in Flyers zone.
10:17 of 3rd period - Off-side.
10:18 of 3rd period - Daniel Briere wins face-off versus Mike Santorelli in neutral zone.
10:59 of 3rd period - Shot by Daniel Briere.
10:59 of 3rd period - Shot Misses the Net.
11:01 of 3rd period - Shot by Tuomo Ruutu.
11:01 of 3rd period - Shot Misses the Net.
11:39 of 3rd period - Shot by Andreas Lilja.
11:39 of 3rd period - Shot Blocked by T.J. Oshie.
11:41 of 3rd period - Shot by Niklas Hagman.
11:41 of 3rd period - Shot Misses the Net.
11:43 of 3rd period - Shot by David Steckel.
11:43 of 3rd period - Shot Misses the Net.
11:48 of 3rd period - Icing by Christian Ehrhoff.
11:49 of 3rd period - Kyle Brodziak wins face-off versus T.J. Oshie in Sabres zone.
11:55 of 3rd period - Marc-Andre Bergeron is hit by Ladislav Smid and loses puck.
13:15 of 3rd period - Shot by Daniel Briere.
13:15 of 3rd period - Shot Misses the Net.
13:23 of 3rd period - Shot by Daniel Briere.
13:23 of 3rd period - Stopped by Devan Dubnyk without a rebound.
13:24 of 3rd period - Martin Hanzal wins face-off versus John Madden in Flyers zone.
13:42 of 3rd period - Gabriel Bourque is hit by Nick Schultz and loses puck.
13:57 of 3rd period - Shot by Gabriel Bourque.
13:57 of 3rd period - Stopped by Peter Budaj without a rebound.
13:58 of 3rd period - Kyle Brodziak wins face-off versus Daniel Briere in Sabres zone.
14:56 of 3rd period - Shot by Mike Richards.
14:56 of 3rd period - Shot Misses the Net.
15:24 of 3rd period - Shot by Mike Richards.
15:24 of 3rd period - Shot Blocked by Kevin Bieksa.
15:26 of 3rd period - Shot by Martin Hanzal.
15:26 of 3rd period - Deflect By Dan Cleary.
15:26 of 3rd period - Stopped by Devan Dubnyk without a rebound.
15:27 of 3rd period - David Backes wins face-off versus David Steckel in Flyers zone.
15:52 of 3rd period - Shot by David Steckel.
15:52 of 3rd period - Shot Misses the Net.
16:59 of 3rd period - Shot by Daniel Briere.
16:59 of 3rd period - Shot Misses the Net.
17:28 of 3rd period - Icing by Karl Alzner.
17:29 of 3rd period - Martin Hanzal wins face-off versus Kyle Okposo in Sabres zone.
17:29 of 3rd period - Martin Hanzal is hit by Kevin Bieksa.
18:04 of 3rd period - Icing by Mike Richards.
18:05 of 3rd period - Martin Hanzal wins face-off versus David Steckel in Sabres zone.
18:19 of 3rd period - Icing by Andreas Lilja.
18:20 of 3rd period - Niklas Hagman wins face-off versus Daniel Briere in Flyers zone.
18:45 of 3rd period - Sabres, Peter Budaj is pulled from the net.
18:55 of 3rd period - Shot by Thomas Vanek.
18:55 of 3rd period - Shot Misses the Net.
18:57 of 3rd period - Shot by Thomas Vanek.
18:57 of 3rd period - Stopped by Devan Dubnyk without a rebound.
18:58 of 3rd period - David Backes wins face-off versus Steve Sullivan in Flyers zone.
19:05 of 3rd period - Shot by Devin Setoguchi.
19:05 of 3rd period - Stopped by Devan Dubnyk without a rebound.
19:06 of 3rd period - David Backes wins face-off versus Kyle Brodziak in Flyers zone.
19:22 of 3rd period - Off-side.
19:23 of 3rd period - Kyle Brodziak wins face-off versus David Backes in neutral zone.
19:34 of 3rd period - Shot by Kevin Bieksa.
19:34 of 3rd period - Goal by Kevin Bieksa - Sabres : 2 - Flyers : 4.
19:34 of 3rd period - Peter Budaj from Sabres was sent back in the game.
19:35 of 3rd period - Martin Hanzal wins face-off versus Gabriel Bourque in neutral zone.
19:37 of 3rd period - Trevor Daley is hit by Gabriel Bourque and loses puck.
19:58 of 3rd period - Icing by Chris Pronger.
19:59 of 3rd period - John Madden wins face-off versus David Backes in Flyers zone.


Output by the SimonT Hockey Simulator (STHS) for Stephane Roy -- Original Page W3C XHTML 1.0 Valid
Hockey Simulator - Hockey Simulation - Hockey Manager